[Event "HSK GM Invitational 2022"]
[Site "Hamburg"]
[Date "2022.05.20"]
[Round "1.1"]
[White "Souleidis, Georgios"]
[Black "Prohaszka, Peter"]
[Result "1/2-1/2"]
[ECO "B12"]
[WhiteElo "2430"]
[BlackElo "2579"]
[Annotator "TA"]
[PlyCount "100"]
[EventDate "2022.05.20"]
[EventType "tourn"]
[EventCountry "GER"]
[SourceTitle "playchess.com"]
[Source "ChessBase"]
[SourceQuality "1"]
[TimeControl "40/5400+30:1800+30"]

1. e4 c6 2. d4 d5 3. e5 Bf5 4. h4 h5 5. c4 e6 6. Nc3 Be7 7. Bd3 {[%emt 0:05:30] B12: Caro-Kann: Advance Variation.} Bxd3 8. Qxd3 Nh6 9. cxd5 {[%emt 0:03:04] White has an edge.} cxd5 10. Bxh6 Rxh6 11. Nf3 Nc6 12. Rc1 {[%emt 0:02:10] [#]} a6 $146 ({Predecessor:} 12... Kf8 13. g3 g6 14. O-O Kg7 15. Na4 Rh8 16. Nc5 Bxc5 17. Rxc5 Qd7 18. Rfc1 Rhc8 {1-0 (33) Dubov,D (2683)-Artemiev,V (2731) Wijk aan Zee 2020}) 13. g3 Rc8 14. O-O g5 15. Qe3 Rg6 16. hxg5 Bxg5 17. Nxg5 Qxg5 18. Ne2 Qxe3 19. fxe3 h4 20. Kg2 Ke7 21. b3 hxg3 22. Rh1 Rgg8 23. Rc3 Nb4 24. Rhc1 $1 Kd7 25. a3 Nc6 26. Rf1 Ke7 27. b4 Na7 28. Rfc1 Kd7 {[%emt 0:01:00] Against Rc7+} 29. Rxc8 Rxc8 30. Rxc8 {[%emt 0:00:13] The position is equal.} Nxc8 31. Kxg3 $15 {[%emt 0:01:49][%mdl 4096] Endgame KN-KN} (31. a4 {looks sharper.} Nb6 32. Nc3 Nc4 33. Nd1) 31... Nb6 {[%emt 0:00:06] ...Nc4 is the strong threat.} 32. Kf3 $1 Nc4 33. a4 Nd2+ 34. Kf2 Ne4+ 35. Ke1 Ke7 36. Nf4 b6 37. Nd3 Kd7 38. Nb2 Kc6 39. Kd1 a5 40. bxa5 bxa5 41. Kc2 $1 Ng3 42. Kd2 Ne4+ 43. Kc2 f6 44. exf6 Nxf6 45. Nd3 Ne4 46. Ne5+ $1 Kc7 47. Nd3 Kd6 48. Nc1 Kc6 49. Nb3 Kb6 50. Kd3 Ka6 {[%emt 0:05:02] A balanced but interesting game.  Weighted Error Value: White=0.03 (flawless) /Black=0.04 (flawless)} 1/2-1/2

[Event "HSK GM Invitational 2022"]
[Site "Hamburg"]
[Date "2022.05.20"]
[Round "1.2"]
[White "Trent, Lawrence"]
[Black "Mendonca, Leon Luke"]
[Result "1/2-1/2"]
[ECO "B11"]
[WhiteElo "2398"]
[BlackElo "2551"]
[Annotator "TA"]
[PlyCount "112"]
[EventDate "2022.05.20"]
[EventType "tourn"]
[EventCountry "GER"]
[SourceTitle "playchess.com"]
[Source "ChessBase"]
[SourceQuality "1"]
[TimeControl "40/5400+30:1800+30"]

1. e4 c6 2. Nc3 d5 3. Qf3 dxe4 4. Nxe4 Nd7 5. d4 Ngf6 6. Bc4 Nb6 $1 7. Bd3 {[%emt 0:00:01] B11: Caro-Kann: Two Knights Variation.} ({Avoid the trap} 7. Bxf7+ $2 Kxf7 8. Ne2 Qd5 9. Ng5+ Kg8 10. Qxd5+ cxd5 $19) 7... Qxd4 8. Ne2 Qd7 (8... Qe5 $17) 9. Nxf6+ $1 $11 exf6 10. O-O {[%emt 0:14:17] [#]} Qg4 $146 (10... Bc5 {is interesting.} 11. Ng3 Qg4 12. Re1+ Kf8) ({Predecessor:} 10... Bd6 11. Ng3 O-O 12. Rd1 Qg4 13. Bxh7+ {½-½ (13) Destruels Moreno,F (2307)-Krebs,J (2333) ICCF email 2009}) 11. Qe3+ Be6 12. h3 Qb4 13. Nf4 Nd5 14. Nxd5 cxd5 15. Bd2 Qb6 16. Qxb6 axb6 17. Bb5+ Kd8 18. Rfd1 Bc5 19. b4 Bd6 20. c4 d4 (20... dxc4 $2 21. Bf4 $18) (20... Be5 {feels hotter.} 21. Rac1 Rxa2 22. cxd5 Bd7) 21. Bf4 Bxb4 $17 22. Rxd4+ Ke7 {[%emt 0:01:16] And now ...Bc3 would win.} 23. Rad1 Rhd8 24. Rxd8 Rxd8 25. Rxd8 Kxd8 {[%emt 0:00:05][%mdl 4096] Endgame KBB-KBB} 26. h4 h6 27. Kf1 g5 28. Bc1 Bf5 29. Ke2 Ke7 30. g3 Bc5 31. Bd2 Bg4+ 32. f3 Be6 33. Bc3 Bd6 34. Kf2 Bc5+ 35. Ke2 Bh3 36. Ba4 Bf5 37. Bb5 Ke6 38. a4 Bc2 39. Kd2 Bg6 40. Ke2 {[%emt 0:00:17] Prevents Bf2.} Bd6 41. Be1 Bf5 42. Bf2 Bc7 43. Be1 Ke7 44. Bf2 Ke6 45. Be1 Bc2 46. Bf2 Bb3 47. Be1 Kf5 48. Bf2 Kg6 49. Be1 f5 50. hxg5 Kxg5 51. Bd2+ Kg6 (51... f4 $17 52. Kf1 Kf5) 52. Kf2 $11 f4 53. gxf4 h5 54. Be3 h4 55. Kg2 Bc2 56. Bd7 Bf5 {[%emt 0:00:41] Weighted Error Value: White=0.05 (flawless) /Black=0.15 (very precise)} 1/2-1/2

[Event "HSK GM Invitational 2022"]
[Site "Hamburg"]
[Date "2022.05.20"]
[Round "1.3"]
[White "Colpe, Malte"]
[Black "Woelk, Tom-Frederic"]
[Result "1-0"]
[ECO "D35"]
[WhiteElo "2348"]
[BlackElo "2315"]
[Annotator "TA"]
[PlyCount "79"]
[EventDate "2022.05.20"]
[EventType "tourn"]
[EventCountry "GER"]
[SourceTitle "playchess.com"]
[Source "ChessBase"]
[SourceQuality "1"]
[TimeControl "40/5400+30:1800+30"]

1. d4 d5 2. c4 e6 3. Nc3 Nf6 4. Nf3 Nbd7 5. cxd5 exd5 6. Bf4 c6 7. h3 Be7 8. e3 O-O 9. Bd3 Re8 10. Qc2 a5 {[%emt 0:05:17] D35: Queen's Gambit Declined: Exchange Variation.} 11. O-O Nf8 12. Ne5 {[%emt 0:08:52] [#]} Bd6 $146 {[%emt 0:04:18] White has an edge.} ({Predecessor:} 12... Nh5 13. Bh2 g6 14. Rad1 f6 15. Nf3 f5 16. Ne5 Bd6 17. Kh1 Be6 18. f3 Qg5 {1-0 (36) Zhou,J (2608)-Zhang,Z (1615) Harbin 2019}) 13. Bh2 N6d7 14. f4 f6 15. Ng4 h5 16. f5 Nb6 17. Bxd6 Qxd6 18. Nh2 Rxe3 19. Ne2 Bd7 20. Nf4 Be8 ({Black should play} 20... Qb4 $1 $15 21. Nf3 Nc4) 21. Qf2 $11 {[%emt 0:03:40][%mdl 1024] White has compensation.} Re7 22. Qh4 (22. Kh1 $14 {keeps the upper hand.}) 22... Qb4 23. Nf3 Nc4 $1 (23... Qxb2 24. Rab1 Qxa2 25. Rxb6 $18) 24. Rf2 Nd6 (24... Nxb2 25. a3 (25. Rb1 Nxd3 26. Rxb4 Nxf2 $11) 25... Qb3 26. Rb1 $16) 25. Nxh5 Ne4 26. Rc2 Ng5 {[%emt 0:02:51] [#]} (26... Bxh5 $17 27. Qxh5 Ng5) 27. Nxf6+ $1 gxf6 28. Nxg5 fxg5 29. Qxg5+ Kh8 $2 (29... Rg7 $11 {and Black has nothing to worry.} 30. Qf4 Rf7) 30. Qh4+ $2 ({Only move:} 30. Qf4 $1 $18) 30... Nh7 $2 (30... Rh7 $11 {and Black stays safe.} 31. Qf6+ Kg8) 31. f6 $18 Re4 32. Bxe4 (32. Qh6 $6 Qf8 33. Qxf8+ Nxf8 34. Bxe4 dxe4 $14) 32... Qxd4+ (32... dxe4 $142 33. Qxe4 (33. Qh6 Qf8 $14) 33... Bf7) 33. Rf2 Qxe4 {[%emt 0:00:09] [#]} 34. Qg3 $40 {[%emt 0:00:44][%mdl 128] Black is in trouble. The board is on fire.} ({Not} 34. Qh6 Qg6 35. Qf4 Bf7 $16) (34. Rf4 $1 $18 Qg6 35. Re1) 34... Qg6 $16 35. Qc7 {[%emt 0:00:32] White is more active.} Qf7 (35... Nxf6 $2 36. Qxb7 Rd8 37. Qe7 $18) (35... Ng5 $16 36. Rf5 Nxh3+ 37. Kh1 {[#]} Bf7 $1) 36. Qb6 $18 Ra6 (36... Nxf6 $2 37. Raf1 Nd7 38. Qxb7 $18 (38. Rxf7 Nxb6 39. Rxb7 Nd7 $14)) 37. Qd8 Qd7 $2 (37... Qg8 38. Rf4 Bf7) 38. Qb8 {[%emt 0:00:10] f7 would kill now.} Ng5 39. Re1 Ne4 40. f7 {[%emt 0:00:12][%mdl 64] Pin.  Weighted Error Value: White=0.26 (precise) /Black=0.71} 1-0

[Event "HSK GM Invitational 2022"]
[Site "Hamburg"]
[Date "2022.05.20"]
[Round "1.5"]
[White "Kotronias, Vasilios"]
[Black "Koellner, Ruben Gideon"]
[Result "1-0"]
[ECO "C70"]
[WhiteElo "2465"]
[BlackElo "2440"]
[Annotator "TA"]
[PlyCount "83"]
[EventDate "2022.05.20"]
[EventType "tourn"]
[EventCountry "GER"]
[SourceTitle "playchess.com"]
[Source "ChessBase"]
[SourceQuality "1"]
[TimeControl "40/5400+30:1800+30"]

1. e4 e5 2. Nf3 Nc6 3. Bb5 g6 4. c3 a6 5. Ba4 Bg7 6. d4 {[%emt 0:00:23] C70: Ruy Lopez: 3...a6 4 Ba4, Norwegian and Delayed Schliemann.} exd4 7. cxd4 b5 8. Bb3 {[%emt 0:00:29] White is slightly better.} Nge7 9. O-O O-O 10. d5 Na5 11. Bd2 Nxb3 12. Qxb3 c5 13. Bc3 {[%emt 0:00:32] Bxg7 is the strong threat.} d6 14. Bxg7 Kxg7 15. Nbd2 f6 {[%emt 0:01:01] [#]} 16. Rfe1 $146 ({Predecessor:} 16. Qc3 a5 17. b3 h6 18. a3 b4 19. Qc2 Ba6 20. Rfe1 Qd7 21. Ra2 Ra7 22. h3 {0-1 (43) Raja,H (2432)-Mikhalevski,V (2580) Budapest 2019}) 16... g5 17. Nf1 Ng6 18. Ng3 Ne5 19. Nd2 Kh8 20. Qc2 Bd7 21. Ndf1 a5 22. Ne3 b4 23. Nef5 Bb5 24. Rad1 a4 25. h4 a3 26. b3 Ra7 27. h5 Qb6 28. h6 c4 {[%emt 0:16:39] Strongly threatening ...cxb3.} 29. Rd4 (29. Nd4 $5 ) 29... Rc7 30. bxc4 Bxc4 31. Qd2 Rb8 32. Nh5 b3 $2 {[%emt 0:07:07] This costs Black the game.} (32... Bxa2 $1 $11 {and Black stays safe.} 33. Qxa2 Qa7) 33. axb3 $18 Bxb3 34. Nxf6 Nf7 35. Ng4 {[%emt 0:06:40] Black must now prevent e5. Pair of Knights!} Qc5 $2 (35... a2 36. Nge3 Ne5) 36. Ra1 a2 37. Qb2 {[%emt 0:00:22] White threatens Rb4+ and mate.} Qc3 {[%emt 0:01:13] Inhibits Rb4.} 38. Rxa2 {[%emt 0:01:43][%cal Od4b4] Hoping for Rb4!} Ne5 39. Nxe5 dxe5 {[%emt 0:00:56] [#]} 40. Qxc3 (40. Rb4 $142 $3 Rd8 (40... Qxb4 41. Qxe5+) 41. Qxb3 Qxb3 42. Rxb3) 40... Rxc3 {[%emt 0:00:19] [#]} 41. Rb4 $3 Rbc8 (41... Rcc8 42. Rxb8) 42. Ra7 {[%emt 0:01:27] Weighted Error Value: White=0.04 (flawless) /Black=0.46} 1-0

[Event "HSK GM Invitational 2022"]
[Site "Hamburg"]
[Date "2022.05.21"]
[Round "2.1"]
[White "Prohaszka, Peter"]
[Black "Koellner, Ruben Gideon"]
[Result "1/2-1/2"]
[ECO "D36"]
[WhiteElo "2579"]
[BlackElo "2440"]
[Annotator "TA"]
[PlyCount "154"]
[EventDate "2022.05.20"]
[EventType "tourn"]
[EventCountry "GER"]
[SourceTitle "playchess.com"]
[Source "ChessBase"]
[SourceQuality "1"]
[TimeControl "40/5400+30:1800+30"]

1. d4 d5 2. c4 e6 3. Nc3 Nf6 4. cxd5 exd5 5. Bg5 Be7 6. e3 c6 7. Bd3 Nbd7 8. h3 O-O 9. Qc2 Re8 10. Nf3 Nf8 11. O-O Ne4 12. Bf4 Nxc3 13. bxc3 Ng6 {[%emt 0:00:56] D36: Queen's Gambit Declined: Exchange Variation: Main line (5 Bg5 c6 6 Qc2).} 14. Ne5 Bd6 15. Nxg6 hxg6 {[%emt 0:00:16] White has an edge.} 16. Bxd6 Qxd6 {[%emt 0:00:05] [#]} 17. c4 $146 ({Predecessor:} 17. a4 Be6 18. c4 dxc4 19. Bxc4 Rac8 20. Bxe6 Rxe6 21. Rfd1 Qd5 22. Rac1 b6 23. Rd3 {½-½ (69) Alterman,B-Shalimov,V Soviet Union 1986}) 17... dxc4 18. Bxc4 Bf5 19. Bd3 Bxd3 20. Qxd3 Rac8 21. Rfc1 Rc7 22. Rc4 Rec8 23. Rac1 b6 24. R4c3 c5 25. Qa6 Qd5 26. a4 Kh7 27. dxc5 bxc5 28. Rc4 Qc6 29. Qa5 Qd5 30. Qc3 Kg8 31. e4 Qe6 32. Qe3 (32. Kh2 {is more complex.} g5 33. a5 Qe7 34. g3) 32... Qe7 33. g3 Rc6 34. h4 Re6 35. a5 Re8 36. Qxc5 Qxc5 37. Rxc5 {[%emt 0:00:01] aiming for f3.} Rxe4 $14 {[%emt 0:00:10][%mdl 4096] Endgame KRR-KRR} 38. Rc7 R4e7 {[%emt 0:03:03] [#]} (38... R8e7 $14) 39. Rxe7 {[%emt 0:07:00] White is more active.} (39. a6 $1 $16) 39... Rxe7 $16 {[%emt 0:00:06] KR-KR} 40. Rc8+ Kh7 41. f4 f6 {[%emt 0:32:21] The position is equal.} 42. Kf2 g5 43. hxg5 fxg5 44. Kf3 (44. Rc6 $5 ) 44... gxf4 45. Kxf4 Rf7+ 46. Kg5 Rf6 {[%emt 0:00:00] Inhibits Rc6.} 47. g4 Rg6+ 48. Kh4 Rd6 49. Rc7 Ra6 50. Rc5 Kg6 51. Kg3 Rf6 52. Rb5 Rf7 53. Rd5 Rf6 54. Rc5 Rf7 55. Kh4 Rf6 56. Rd5 Rc6 57. Rg5+ Kh6 58. Rf5 Kg6 59. Re5 Rd6 60. Rc5 Re6 61. Rf5 Rc6 62. Rb5 Re6 63. Kg3 Rf6 64. Rc5 Rf7 65. Rc6+ Kg5 66. Rd6 Rc7 67. Rd5+ Kg6 68. Kf3 Rc3+ 69. Kf2 Rc4 70. Kf3 Rc3+ 71. Ke2 Rc4 72. Rd7 Rxg4 73. Rxa7 Ra4 74. Kd3 Kf6 75. Ra6+ Kf5 76. Ra8 g5 77. Kc3 Ke5 {[%emt 0:11:20] Weighted Error Value: White=0.12 (very precise) /Black=0.10 (very precise)} 1/2-1/2

[Event "HSK GM Invitational 2022"]
[Site "Hamburg"]
[Date "2022.05.21"]
[Round "2.2"]
[White "Carlstedt, Jonathan"]
[Black "Kotronias, Vasilios"]
[Result "0-1"]
[ECO "B31"]
[WhiteElo "2444"]
[BlackElo "2465"]
[Annotator "TA"]
[PlyCount "120"]
[EventDate "2022.05.20"]
[EventType "tourn"]
[EventCountry "GER"]
[SourceTitle "playchess.com"]
[Source "ChessBase"]
[SourceQuality "1"]
[TimeControl "40/5400+30:1800+30"]

1. e4 c5 2. Nf3 Nc6 3. Bb5 g6 4. O-O Bg7 5. c3 Nf6 6. Re1 O-O 7. d4 d5 $1 {[%emt 0:00:05][%mdl 4] is now more promising than 7...cxd4.} 8. e5 Ne4 9. Be3 {[%emt 0:00:39] B31: Sicilian: 2...Nc6 3 Bb5 g6.} cxd4 10. cxd4 Qb6 11. Bxc6 {[%emt 0:01:13] The position is equal.} Qxc6 12. Nfd2 Be6 13. Nb3 {[%emt 0:06:07] [#] Hoping for f3.} f6 $146 ({Predecessor:} 13... f5 14. f3 f4 15. Bc1 Rad8 16. Qe2 Ng5 17. h4 Ne4 18. fxe4 dxe4 19. Qxe4 Bd5 {0-1 (43) Duda,J (2750)-Carlsen,M (2864) chess24.com INT 2022}) 14. f3 Ng5 15. Nc3 b6 16. Rc1 Nf7 17. exf6 (17. Bf4 $14) 17... exf6 $11 18. Bf4 g5 (18... Rac8 $11 {is superior.}) 19. Bg3 (19. Nb1 $5 Qe8 20. Bg3 $11) 19... Qd7 20. Qe2 Rfe8 21. Qb5 f5 22. Qxd7 Bxd7 {[%emt 0:00:04] This bishop pair is nice.} 23. Nxd5 {[%emt 0:00:15] Strongly threatening Rc7.} f4 24. Bf2 Nd6 25. Nd2 Rxe1+ 26. Rxe1 Rd8 27. h4 h6 28. b3 Nf5 29. hxg5 hxg5 30. Ne7+ (30. Ne4 $5 ) 30... Kf7 31. Nxf5 Bxf5 32. Ne4 Kg6 33. Rd1 g4 {[%emt 0:01:13] [#] And now ...g3 would win.} 34. d5 Be5 35. Kf1 Bc8 36. d6 Bb7 {[%emt 0:02:02] Prevents Rd5.} 37. Bh4 Rd7 38. Be7 Bxe4 39. fxe4 Bf6 40. Bxf6 Kxf6 {[%emt 0:00:04][%mdl 4096] Endgame KR-KR} 41. Re1 $2 (41. Rd5 $11 {and White is okay.}) 41... Ke5 $19 42. Rc1 Rxd6 43. Ke2 {[%emt 0:00:00][%mdl 8192] Inhibits Rd2+.} (43. Rc7 $17) 43... Kxe4 44. Rc4+ Kf5 45. Rc7 a5 46. Rc8 Re6+ 47. Kd2 (47. Kf1 $142 Re5 48. Rf8+ Kg5 49. Rg8+ Kh4 50. Kf2) 47... Re3 {[%emt 0:00:00] aiming for ...Rg3.} 48. Rh8 Rg3 49. Rh2 Re3 50. Rh8 Kg5 51. Rh7 b5 52. Kd1 a4 53. Rb7 axb3 54. Rxb5+ {[%emt 0:00:00] [#]} Kh4 $1 {[%emt 0:00:00] ( -> ...Kg3)} 55. a4 Kg3 {[%emt 0:00:00] Black mates.} 56. a5 Kxg2 57. a6 Re6 58. Ra5 f3 59. a7 Rd6+ 60. Kc1 Rd8 {[%emt 0:00:07] Weighted Error Value: White=0.64/Black=0.13 (very precise)} 0-1

[Event "HSK GM Invitational 2022"]
[Site "Hamburg"]
[Date "2022.05.21"]
[Round "2.3"]
[White "Woelk, Tom-Frederic"]
[Black "Svane, Frederik"]
[Result "1/2-1/2"]
[ECO "E20"]
[WhiteElo "2315"]
[BlackElo "2501"]
[Annotator "TA"]
[PlyCount "49"]
[EventDate "2022.05.20"]
[EventType "tourn"]
[EventCountry "GER"]
[SourceTitle "playchess.com"]
[Source "ChessBase"]
[SourceQuality "1"]
[TimeControl "40/5400+30:1800+30"]

1. d4 Nf6 2. c4 e6 3. Nc3 Bb4 4. f3 c5 5. d5 b5 6. e4 {[%emt 0:00:03] E20: Nimzo-Indian: 4 g3 and 4 f3.} d6 {[%emt 0:00:07] outshines the older 6...bxc4.} 7. Nge2 bxc4 8. Nf4 g5 (8... e5 $5 9. Nfe2 Ba6 $11) 9. Nfe2 exd5 10. exd5 Qe7 $36 {[%emt 0:00:05][%mdl 2048] Black has some pressure.} 11. Bxg5 Bxc3+ 12. bxc3 {[%emt 0:00:06] Threatening Qd2.} Nbd7 $1 {[%emt 0:00:05] [#]} 13. Qa4 $146 ({Predecessor:} 13. Qd2 Ne5 14. Kd1 Rg8 15. Ng3 Rb8 16. Bh4 Rg6 17. Be2 Qb7 18. f4 Rxg3 19. Bxf6 Rxg2 20. fxe5 {0-1 (37) Erigaisi,A (2675)-Sargsyan,S (2639) Ciutadella de Menorca 2022}) 13... Rb8 14. Rd1 $1 ({Much weaker is} 14. Qxa7 O-O 15. h4 Re8 $19) 14... O-O {[%emt 0:26:13] Threatens to win with ...Ne5.} 15. Qxc4 Re8 {[%emt 0:00:06] ...Rb2 is the strong threat.} 16. Rd2 {[%emt 0:06:37] Prevents Rb2.} (16. Kf2 $1 $11 {keeps the balance.}) 16... Rb1+ $17 17. Kf2 {[%emt 0:02:24] [#]} Ba6 18. Qxa6 $11 {[%emt 0:05:54] The board is on fire. The position is equal.} Ng4+ $1 {[%emt 0:00:03][%mdl 64] Discovered Attack} 19. fxg4 Qxg5 20. Qd3 {[%emt 0:05:58] Prevents Qe3+.} Ne5 21. Qxb1 Qxd2 22. h3 {[%emt 0:04:08] Strongly threatening Qf5.} Nd3+ 23. Kg1 {[%emt 0:00:24] aiming for Ng3.} Rxe2 24. Bxe2 Qe3+ 25. Kh2 {[%emt 0:00:08] Weighted Error Value: White=0.13 (very precise) /Black=0.08 (flawless)} 1/2-1/2

[Event "HSK GM Invitational 2022"]
[Site "Hamburg"]
[Date "2022.05.21"]
[Round "2.4"]
[White "Mendonca, Leon Luke"]
[Black "Colpe, Malte"]
[Result "1-0"]
[ECO "D41"]
[WhiteElo "2551"]
[BlackElo "2348"]
[Annotator "TA"]
[PlyCount "173"]
[EventDate "2022.05.20"]
[EventType "tourn"]
[EventCountry "GER"]
[SourceTitle "playchess.com"]
[Source "ChessBase"]
[SourceQuality "1"]
[TimeControl "40/5400+30:1800+30"]

1. d4 Nf6 2. c4 e6 3. Nf3 d5 4. Nc3 c5 5. cxd5 Nxd5 6. e4 Nxc3 7. bxc3 cxd4 8. cxd4 Bb4+ 9. Bd2 Bxd2+ 10. Qxd2 O-O 11. Rd1 {[%emt 0:08:46] D41: Queen's Gambit Declined: Semi-Tarrasch with 5 cxd5.} Bd7 12. Bd3 Ba4 13. Rb1 {[%emt 0:03:31] The position is equal.} Bc6 (13... Nc6 $5 ) 14. O-O {[%emt 0:04:45] [#]} h6 $146 ({Predecessor:} 14... Nd7 15. d5 Nc5 16. dxc6 Qxd3 17. Qxd3 Nxd3 18. cxb7 Rab8 19. Nd4 Nc5 20. Rb5 Nxe4 21. Nc6 Nd6 22. Nxb8 Rxb8 23. Rb3 g6 24. Rd1 {1-0 (24) Stefansson,H (2525)-Thorhallsson,S (2252) Selfoss 2022}) 15. Bc2 b6 16. Rbd1 Nd7 17. d5 exd5 ({Don't take} 17... Bb5 18. dxe6 Bxf1 19. exd7 $16 (19. Kxf1 Nc5 $16) (19. Qxd7 Qxd7 20. exd7 Be2 $11)) 18. exd5 Bb7 19. d6 (19. Nd4 $14) 19... Qf6 $11 20. Rfe1 Rad8 (20... Rac8 $11 {deserves consideration.}) 21. Be4 $40 {[%emt 0:01:50][%mdl 128] White attacks.} (21. Re7 $14 {might be stronger.}) 21... Bc8 (21... Bxe4 $11 {remains equal.} 22. Rxe4 Rfe8 23. Rxe8+ Rxe8) 22. Bc6 $1 $16 {[%emt 0:06:10] 0x0.000a5aa29aa0dp-1022s more active pieces. The black rooks are badly placed.} Rfe8 23. Rxe8+ ({White should play} 23. Re7 $1 $16) 23... Rxe8 $14 24. h3 Rd8 25. Qe3 Nb8 26. Ba4 Bb7 (26... Be6 $14) 27. Qe7 $1 $18 Bxf3 28. gxf3 Na6 29. Qxf6 $2 ({White must play} 29. Bb3 $1 $18) 29... gxf6 {[%emt 0:00:06][%mdl 4096] Endgame KRB-KRN} 30. Bc2 Nc5 31. Be4 {[%emt 0:00:31] Against Nb7} Kg7 32. Kg2 f5 33. Bxf5 Kf6 34. Rd5 Ne6 (34... Nb7 $1 $11) 35. Kg3 $14 Ng7 36. Bc2 Ke6 37. Bb3 Nf5+ {[%emt 0:02:51] Black is on the road to losing.} (37... Kf6 $14) 38. Kf4 Nxd6 39. Ra5+ $1 Kf6 40. Rxa7 b5 41. Rc7 {[%emt 0:05:48] Prevents Nc4.} Ra8 42. Rd7 Ra6 43. Ke3 Nc4+ (43... Ke5 $16 44. f4+ Kf5) 44. Kd4 $1 $18 Ne5 45. Rb7 Rd6+ 46. Ke4 Nd3 (46... Nc4 $142 47. Rxb5 Nd2+ 48. Ke3 Nxb3) 47. Rxf7+ Kg6 48. Ke3 Nc5 49. Rf4 Nxb3 (49... Rd3+ $142 50. Ke2 Rc3) 50. axb3 {[%emt 0:00:01] KR-KR} Rd5 (50... Rc6 {was necessary.} 51. Kd3 h5) 51. Rd4 Re5+ 52. Kf4 Rc5 53. Kg3 {[%emt 0:00:30] Hoping for b4.} h5 $2 (53... Rc3 54. Rb4 Rc5) 54. Kf4 Rc3 55. Rb4 Rc5 56. h4 Kf6 57. Rd4 Rc3 58. b4 Rb3 (58... Rc2 {was worth a try.} 59. Rd6+ Ke7) 59. Ke4 Rb2 60. Kd5 Rc2 61. Rf4+ Kg6 {[%emt 0:00:30] [#]} 62. Kd6 (62. Ke6 $1 $18 {is the precise move to win.}) 62... Rc4 {[%emt 0:00:30] [#]} (62... Rc3 $16 63. Ke6 Rb3) 63. Ke5 $1 Rc3 64. Rf6+ Kg7 65. Rf5 Rc4 66. Rf4 Rc2 $2 (66... Rc3 $16 67. Rf5 Rb3) 67. Kf5 Kh6 68. Re4 Rxf2 69. f4 Rb2 $2 (69... Rh2 70. Re6+ Kg7) 70. Kf6 {[%emt 0:00:30] Threatens to win with f5.} Rc2 71. f5 {[%emt 0:00:30] Kf7 would kill now.} Rc4 72. Ke5 {[%emt 0:00:30] Intending Rxc4 and mate.} Rc1 73. Rd4 {[%emt 0:00:30] And now Rd5 would win.} Rb1 $2 (73... Kg7 74. Rd7+ Kh6) 74. Ke6 {[%emt 0:00:30] White threatens Rd8 and mate.} Re1+ 75. Kf7 Ra1 76. Re4 Ra7+ 77. Re7 Ra4 78. Re6+ Kh7 79. Re4 Ra7+ 80. Kf6 (80. Re7 $142 Ra8 81. f6 Rc8 82. Re5 Rc7+ 83. Ke6 Rc6+ 84. Kf5 Rc3 85. Re8 Rf3+ 86. Ke6 Re3+ 87. Kd7 Rd3+ 88. Ke7 Re3+ 89. Kf8) 80... Kh6 81. Re6 (81. Re8 $142 Kh7 82. Rb8 Rc7 83. Kg5 Rc3 84. Rb7+ Kg8 85. Rxb5 Rg3+ 86. Kf6) 81... Ra4 82. Ke7+ Kh7 83. f6 Ra7+ 84. Kf8 Kg6 85. f7+ Kh7 86. Rf6 Rb7 87. Rf1 {[%emt 0:00:30] Weighted Error Value: White=0.14 (very precise) /Black=0.24 (precise)} 1-0